Match 37478055
Unlisted

Match 37478055
End
Selects Special Operations Battlegroup
Selects M29 Weasel Recon Vehicle
M29 Weasel Recon Vehicle
Construct Weapon Support Center
Bazooka Squad
M1919 Machine Gun Team
Construct Medical Station
M1919 Machine Gun Team
M1919 Machine Gun Team
Bazooka Squad
Improved M9 Bazooka Rockets
Mechanized Support Center
M1919 Machine Gun Team
Construct Tank Depot
Selects P-47 Anti-Infantry Loiter
Selects UNKNOWN (2162291)
P-47 Anti-Infantry Loiter
Selects Raiding Flares
M4A1 Sherman Medium Tank
M1919 Machine Gun Team
Raiding Flares
Bazooka Squad
P-47 Anti-Infantry Loiter
M1919 Machine Gun Team
Bazooka Squad
M4A1 Sherman Medium Tank
Designate Forward Repair Station
Selects SSF Commando Squad
P-47 Anti-Infantry Loiter
M4A1 76mm Conversion
Improvised Armor
Raiding Flares
SSF Commando Squad
Selects Assault Operation
M4A1(76) Sherman Medium Tank
Raiding Flares
SSF Commando Squad
M4A1(76) Sherman Medium Tank
Raiding Flares
P-47 Anti-Infantry Loiter
M4A1(76) Sherman Medium Tank
SSF Commando Squad
Raiding Flares
Scout Squad
Crossea
catchitin
TURTLE LEONID
maxxximka0
拜者为叩
R19
Sev | Stryker
皮皮
0
0

Comments sign in to comment!

No comments posted yet!